 Dungeon Crawl Stone Soup version 0.27-a0-1191-g601b473118 (webtiles) character file.

Game seed: 9299744589617879433

20965 robertstho the Frost Mage (level 12, -9/92 HPs)
             Began as a Gnoll Ice Elementalist on May 24, 2021.
             Was a Priest of Sif Muna.
             Mangled by an ice beast (21 damage)
             ... summoned by Fannar
             ... on level 3 of the Lair of Beasts.
             The game lasted 00:36:09 (16916 turns).

robertstho the Frost Mage (Gnoll Ice Elementalist) Turns: 16916, Time: 00:36:10

Health: -9/92      AC: 12    Str:  7    XL:     12   Next: 85%
Magic:  9/25       EV: 15    Int: 20    God:    Sif Muna [***...]
Gold:   575        SH:  8    Dex: 15    Spells: 1/29 levels left

rFire    + . .     SeeInvis +   m - +6 rapier of Lullo {pain, rCorr SInv}
rCold    x . .     Faith    .   o - +2 buckler
rNeg     . . .     Spirit   .   G - +0 troll leather armour
rPois    .         Reflect  .   H - +3 crown of Dyrovepreva {rElec Int+2 SInv}
rElec    +         Harm     .   p - +0 cloak {Stlth+}
rCorr    +         Rampage  .   q - +0 pair of gloves
Will     .....                  I - +0 pair of boots
Stlth    +++++.....             (no amulet)
HPRegen  1.25/turn              d - ring of fire
MPRegen  0.19/turn              F - ring of see invisible

@: very slightly contaminated, hasted, invisible, very quick
A: fangs 1, strong nose, distributed training
a: Renounce Religion, Channel Magic, Forget Spell


You were on level 3 of the Lair of Beasts.
You worshipped Sif Muna.
Sif Muna was most pleased with you.
You visited 3 branches of the dungeon, and saw 14 of its levels.

You collected 575 gold pieces.

Inventory:

Hand Weapons
 m - the +6 rapier of Lullo (weapon) {pain, rCorr SInv}
   (You found it on level 3 of the Lair of Beasts)

   In the hands of one skilled in necromantic magic, it inflicts extra damage on
   living creatures.
   It lets you see invisible.
   It protects you from acid and corrosion.
 w - a +2 short sword of freezing
 y - a +3 flail of protection
 A - a +0 rapier of venom
 E - a +3 spear of freezing
Missiles
 b - 2 curare-tipped darts
 i - a throwing net
Armour
 o - a +2 buckler (worn)
 p - a +0 cloak of stealth (worn)
 q - a +0 pair of gloves (worn)
 G - a +0 troll leather armour (worn)
 H - the +3 crown of Dyrovepreva (worn) {rElec Int+2 SInv}
   (You found it on level 1 of the Lair of Beasts)

   It affects your intelligence (+2).
   It insulates you from electricity.
   It lets you see invisible.
 I - a +0 pair of boots (worn)
Jewellery
 d - a ring of fire (left hand)
 F - a ring of see invisible (right hand)
Wands
 x - a wand of flame (21)
 J - a wand of iceblast (5)
Scrolls
 e - a scroll of summoning {unknown}
 h - a scroll of enchant armour {unknown}
 l - a scroll of noise {unknown}
 n - 2 scrolls of fog
 r - 2 scrolls of amnesia {unknown}
 t - 3 scrolls of vulnerability {unknown}
 u - 2 scrolls of torment {unknown}
 v - a scroll of fear
 z - 2 scrolls of enchant weapon
 C - a scroll of immolation
Potions
 c - a potion of haste
 f - a potion of lignification
 g - 3 potions of attraction
 j - 4 potions of brilliance
 k - a potion of ambrosia {unknown}
 D - 3 potions of flight
Miscellaneous
 a - a tin of tremorstones (2/2)


   Skills:
 + Level 7.7 Fighting
 + Level 7.7 Short Blades
 + Level 7.7 Long Blades
 + Level 7.7 Axes
 + Level 7.7 Maces & Flails
 + Level 7.7 Polearms
 + Level 7.7 Staves
 + Level 7.7 Slings
 + Level 7.7 Bows
 + Level 7.7 Crossbows
 + Level 7.7 Throwing
 + Level 7.7 Armour
 + Level 9.0 Dodging
 + Level 8.8 Stealth
 + Level 7.7 Shields
 + Level 7.7 Unarmed Combat
 + Level 9.2 Spellcasting
 + Level 6.3 Conjurations
 + Level 6.3 Hexes
 + Level 6.3 Summonings
 + Level 6.3 Necromancy
 + Level 6.3 Translocations
 + Level 6.3 Transmutations
 + Level 6.3 Fire Magic
 + Level 9.6 Ice Magic
 + Level 6.3 Air Magic
 + Level 6.3 Earth Magic
 + Level 6.3 Poison Magic
 + Level 8.4 Invocations
 + Level 7.7 Evocations


You had one spell level left.
You knew the following spells:

 Your Spells              Type           Power      Damage    Failure   Level
a - Freeze                Ice            100%       1d11      1%          1
b - Frozen Ramparts       Ice            94%        1d11      1%          3
c - Ozocubu's Armour      Ice            47%        N/A       1%          3
d - Hailstorm             Conj/Ice       41%        3d10      3%          4
e - Static Discharge      Conj/Air       34%        N/A       1%          2
f - Swiftness             Air            34%        N/A       2%          3
g - Tukima's Dance        Hex            34%        N/A       2%          3
h - Airstrike             Air            17%        N/A       8%          4
i - Lightning Bolt        Conj/Air       17%        1d31      22%         5

Your spell library contained the following spells:

 Spells                   Type           Power      Damage    Failure   Level
 Animate Skeleton         Necr           68%        N/A       1%          1
 Apportation              Tloc           68%        N/A       1%          1
 Corona                   Hex            37%        N/A       1%          1
 Shock                    Conj/Air       100%       1d9       1%          1
 Summon Small Mammal      Summ           100%       N/A       1%          1
 Lesser Beckoning         Tloc           17%        N/A       2%          3
 Metabolic Englaciation   Hex/Ice        20%        N/A       11%         5
 Alistair's Intoxication  Tmut/Pois      22%        N/A       22%         5
 Invisibility             Hex            34%        N/A       75%         6


Dungeon Overview and Level Annotations

Branches:
Dungeon (10/15)            Temple (1/1) D:6            Lair (3/6) D:9
  Snake (0/4) Lair:2
  Swamp: Lair:2-4    Shoals: Lair:2-4       Orc: D:9-12

Altars:
Ashenzari
Cheibriados
Dithmenos
Fedhas
Gozag
Kikubaaqudgha
Makhleb
Nemelex Xobeh
Okawaru
Qazlal
Sif Muna
Trog
Vehumet
Wu Jian
Xom
Yredelemnul
Zin
The Shining One

Shops:
D:6 [:*

Annotations:
D:6 2 runed translucent doors, bande's ghost, novice GrFi
D:9 1 runed translucent door, bilbop's ghost, novice MiFi
Lair:3 Fannar


Innate Abilities, Weirdness & Mutations

You have very sharp teeth.
Your uncanny sense of smell can sniff out nearby items.
Your experience applies equally to all skills.


Message History

You closely miss Fannar.
Fannar is heavily wounded.
You block the ice beast's attack. The ice beast barely misses you.
You block Fannar's attack.
You hit Fannar but do no damage.
Fannar writhes in agony.
Your bite misses Fannar.
Fannar is heavily wounded.
You feel less invigorated. You block the ice beast's attack.
The ice beast misses you. Fannar hits you with a staff of cold.
Fannar freezes you!!
Casting: Airstrike (dangerous; 8% risk of failure)
Confirm with . or Enter, or press ? or * to list all spells.
Aiming: Airstrike (dangerous; 8% risk of failure)
Press: ? - help, Dir - move target, f/p - Fannar
Aim: Fannar, wielding a staff of cold and wearing a +2 robe of cold resistance (heavily wounded)
The air twists around and strikes Fannar.
Fannar is severely wounded.
The ice beast hits you but does no damage. x2
Fannar closely misses you.
Casting: Airstrike (dangerous; 8% risk of failure)
Confirm with . or Enter, or press ? or * to list all spells.
Aiming: Airstrike (dangerous; 8% risk of failure)
Press: ? - help, Dir - move target, f/p - Fannar
Aim: Fannar, wielding a staff of cold and wearing a +2 robe of cold resistance (severely wounded)
The air twists around and strikes Fannar!
Fannar is severely wounded.
The ice beast hits you. The ice beast freezes you!!
You feel a terrible chill! The ice beast misses you.
Fannar mumbles some strange words.
Fannar drains the heat from the surrounding environment!
You feel a terrible chill!
* * * LOW HITPOINT WARNING * * *
You fade into invisibility!
The ice beast closely misses you. The ice beast misses you.
Fannar gestures at you while chanting. The bolt of cold misses you.
It was a potion of haste.
You feel yourself speed up. The ice beast hits you.
* * * LOW HITPOINT WARNING * * *
The ice beast freezes you!!
You feel a terrible chill!
You die...

............<.## .........##
...............# ..........
.............### ..........#
...........#.### .(........##
.........##...P# ...........
.##.# ##..P## ...........# #
## #....##...... # ##...#Y..#
#### ######....@e..#
...####.#.......#Y..#
....^#...........##.##
..............)#####.#########
................# #..........#
..............#####..........#
...............# #...........#
..............##
#...........## ..............#
#............#


You could see Fannar and 2 ice beasts.

Vanquished Creatures
  Harold (Lair:1)
  A boulder beetle (Lair:3)
  4 hydras
  A two-headed ogre (D:10)
  A wolf spider (Lair:1)
  3 black mambas
  4 elephants (Lair:2)
  4 cane toads
  A rime drake (Lair:3)
  An unseen horror (D:9)
  6 komodo dragons
  2 trolls (D:9)
  A hornet (D:9)
  A wyvern (Lair:2)
  4 fire bats (Lair:2)
  2 basilisks (Lair:3)
  2 vampire mosquitoes (D:10)
  14 yaks
  Eustachio (D:5)
  6 water moccasins
  Edmund (D:5)
  2 nagas (Lair:2)
  A hornet zombie (D:6)
  An ice beast (D:6)
  3 sky beasts
  3 necrophages
  3 ogres
  12 wolves
  3 centaurs
  4 kobold brigands
  8 bullfrogs
  A water moccasin zombie (D:5)
  A scorpion (D:5)
  A wyvern skeleton (D:7)
  5 electric eels
  6 howler monkeys
  10 wights
  A lava snake (Lair:2)
  9 hounds
  4 jellies
  2 centaur zombies (D:9)
  4 orc priests
  Crazy Yiuf (D:3)
  5 iguanas
  A bullfrog skeleton (D:5)
  11 orc wizards
  A hound skeleton (D:4)
  7 adders
  A howler monkey skeleton (D:6)
  2 shadow imps
  A white imp (D:5)
  An ufetubus (D:5)
  An adder zombie (D:5)
  An adder skeleton (D:4)
  A worm (D:3)
  3 dart slugs
  29 orcs
  5 ball pythons
  6 bats
  3 endoplasms
  2 giant cockroaches (D:1)
  7 goblins
  9 hobgoblins
  6 jackals
  4 quokkas
  6 frilled lizards
  19 kobolds
  6 rats
284 creatures vanquished.

Vanquished Creatures (others)
  An orc wizard (D:7)
  7 fungi
  16 plants
  2 withered plants (D:9)
26 creatures vanquished.

Grand Total: 310 creatures vanquished

Notes
Turn   | Place    | Note
-------+----------+-------------------------------------------
     0 | D:1      | robertstho the Gnoll Ice Elementalist began the quest for
                  | the Orb.
     0 | D:1      | Reached XP level 1. HP: 13/13 MP: 6/6
    21 | D:1      | Found a faded altar of an unknown god.
   131 | D:1      | Reached XP level 2. HP: 17/19 MP: 5/7
   765 | D:1      | Reached XP level 3. HP: 13/25 MP: 6/9
  1046 | D:1      | Reached skill level 5 in Spellcasting
  1859 | D:2      | Reached skill level 1 in Invocations
  2126 | D:2      | Reached skill level 1 in Fighting
  2126 | D:2      | Reached skill level 1 in Short Blades
  2126 | D:2      | Reached skill level 1 in Long Blades
  2126 | D:2      | Reached skill level 1 in Axes
  2126 | D:2      | Reached skill level 1 in Maces & Flails
  2126 | D:2      | Reached skill level 1 in Polearms
  2126 | D:2      | Reached skill level 1 in Staves
  2126 | D:2      | Reached skill level 1 in Slings
  2126 | D:2      | Reached skill level 1 in Bows
  2126 | D:2      | Reached skill level 1 in Crossbows
  2126 | D:2      | Reached skill level 1 in Throwing
  2126 | D:2      | Reached skill level 1 in Armour
  2126 | D:2      | Reached skill level 1 in Shields
  2126 | D:2      | Reached skill level 1 in Unarmed Combat
  2126 | D:2      | Reached skill level 1 in Evocations
  2445 | D:2      | Reached XP level 4. HP: 23/32 MP: 9/11
  2637 | D:3      | Learned a level 3 spell: Frozen Ramparts
  2641 | D:3      | Learned a level 3 spell: Ozocubu's Armour
  2646 | D:3      | Learned a level 4 spell: Hailstorm
  2660 | D:3      | Found a runed translucent door.
  2661 | D:3      | Noticed Crazy Yiuf
  2754 | D:3      | Reached skill level 1 in Conjurations
  2754 | D:3      | Reached skill level 1 in Hexes
  2754 | D:3      | Reached skill level 1 in Summonings
  2754 | D:3      | Reached skill level 1 in Necromancy
  2754 | D:3      | Reached skill level 1 in Translocations
  2754 | D:3      | Reached skill level 1 in Transmutations
  2754 | D:3      | Reached skill level 1 in Fire Magic
  2754 | D:3      | Reached skill level 1 in Air Magic
  2754 | D:3      | Reached skill level 1 in Earth Magic
  2754 | D:3      | Reached skill level 1 in Poison Magic
  2817 | D:3      | Reached XP level 5. HP: 25/37 MP: 2/12
  3573 | D:3      | Killed Crazy Yiuf
  4209 | D:4      | Reached XP level 6. HP: 32/44 MP: 5/13
  4342 | D:4      | Reached skill level 5 in Dodging
  4596 | D:4      | Reached XP level 7. HP: 48/50 MP: 6/15
  4882 | D:5      | Entered Level 5 of the Dungeon
  5332 | D:5      | Noticed Edmund
  5354 | D:5      | Killed Edmund
  5355 | D:5      | Reached skill level 5 in Stealth
  5924 | D:5      | Reached XP level 8. HP: 42/57 MP: 16/16
  6036 | D:5      | Noticed Eustachio
  6044 | D:5      | Killed Eustachio
  6290 | D:6      | Found Ycieguib's Book Boutique.
  6290 | D:6      | Found a staircase to the Ecumenical Temple.
  6360 | Temple   | Entered the Ecumenical Temple
  6405 | Temple   | Became a worshipper of Sif Muna the Loreminder
  6448 | D:6      | Found a runed translucent door.
  7332 | D:6      | Found Vixea's Assorted Antiques.
  7517 | D:6      | Found Emunt's Armour Emporium.
  7543 | D:6      | Reached XP level 9. HP: 34/65 MP: 18/18
  7766 | D:6      | Found a runed translucent door.
  7773 | D:6      | Noticed bande's ghost (novice GrFi)
  8325 | D:7      | Reached * piety under Sif Muna
  9613 | D:8      | Reached skill level 5 in Invocations
 10015 | D:8      | Reached ** piety under Sif Muna
 10023 | D:8      | Reached XP level 10. HP: 60/73 MP: 12/20
 10406 | D:9      | Reached skill level 5 in Fighting
 10406 | D:9      | Reached skill level 5 in Short Blades
 10406 | D:9      | Reached skill level 5 in Long Blades
 10406 | D:9      | Reached skill level 5 in Axes
 10406 | D:9      | Reached skill level 5 in Maces & Flails
 10406 | D:9      | Reached skill level 5 in Polearms
 10406 | D:9      | Reached skill level 5 in Staves
 10406 | D:9      | Reached skill level 5 in Slings
 10406 | D:9      | Reached skill level 5 in Bows
 10406 | D:9      | Reached skill level 5 in Crossbows
 10406 | D:9      | Reached skill level 5 in Throwing
 10406 | D:9      | Reached skill level 5 in Armour
 10406 | D:9      | Reached skill level 5 in Shields
 10406 | D:9      | Reached skill level 5 in Unarmed Combat
 10406 | D:9      | Reached skill level 5 in Evocations
 10614 | D:9      | Found a staircase to the Lair.
 10817 | D:9      | Found a runed translucent door.
 10817 | D:9      | Noticed bilbop's ghost (novice MiFi)
 10818 | D:9      | Found the +15 Maxwell's patent armour {-Cast -Tele rElec
                  | Will+ rCorr}
 11075 | D:9      | Found a shadowy altar of Dithmenos.
 11479 | D:9      | Paralysed by a hornet for 3 turns
 11755 | D:10     | Entered Level 10 of the Dungeon
 11783 | D:10     | Noticed a two-headed ogre
 11846 | D:10     | Noticed a two-headed ogre
 11862 | D:10     | Killed a two-headed ogre
 11950 | D:9      | Killed an unseen horror
 11951 | D:9      | Reached XP level 11. HP: 44/81 MP: 19/22
 11995 | Lair:1   | Entered Level 1 of the Lair of Beasts
 12040 | Lair:1   | Noticed a seven-headed hydra
 12060 | Lair:1   | Killed a seven-headed hydra
 12061 | Lair:1   | Reached skill level 5 in Conjurations
 12061 | Lair:1   | Reached skill level 5 in Hexes
 12061 | Lair:1   | Reached skill level 5 in Summonings
 12061 | Lair:1   | Reached skill level 5 in Necromancy
 12061 | Lair:1   | Reached skill level 5 in Translocations
 12061 | Lair:1   | Reached skill level 5 in Transmutations
 12061 | Lair:1   | Reached skill level 5 in Fire Magic
 12061 | Lair:1   | Reached skill level 5 in Air Magic
 12061 | Lair:1   | Reached skill level 5 in Earth Magic
 12061 | Lair:1   | Reached skill level 5 in Poison Magic
 12156 | Lair:1   | Found a runed translucent door.
 12500 | Lair:1   | Noticed a five-headed hydra
 12514 | Lair:1   | Killed a five-headed hydra
 12747 | Lair:1   | Noticed Harold
 12798 | Lair:1   | Killed Harold
 13020 | Lair:1   | Noticed a seven-headed hydra
 13031 | Lair:1   | Killed a seven-headed hydra
 13580 | Lair:1   | Found the +3 crown of Dyrovepreva {rElec Int+2 SInv}
 13647 | Lair:1   | Identified the +1 whip of Success {antimagic, rPois Will-
                  | SInv}
 13683 | Lair:1   | Noticed a wolf spider
 13690 | Lair:1   | Killed a wolf spider
 13842 | Lair:1   | Noticed a boulder beetle
 13843 | Lair:1   | Noticed a boulder beetle
 13887 | Lair:2   | Reached XP level 12. HP: 86/89 MP: 8/24
 14004 | Lair:2   | Reached *** piety under Sif Muna
 14101 | Lair:2   | Found a staircase to the Snake Pit.
 15103 | Lair:2   | Noticed a seven-headed hydra
 15112 | Lair:2   | Killed a seven-headed hydra
 15745 | Lair:3   | Noticed Fannar
 15779 | Lair:3   | Identified the +6 rapier of Lullo {pain, rCorr SInv}
 15807 | Lair:3   | Learned a level 2 spell: Static Discharge
 15811 | Lair:3   | Learned a level 3 spell: Swiftness
 15815 | Lair:3   | Learned a level 3 spell: Tukima's Dance
 15820 | Lair:3   | Learned a level 4 spell: Airstrike
 15826 | Lair:3   | Learned a level 5 spell: Lightning Bolt
 16626 | Lair:3   | Noticed a boulder beetle
 16640 | Lair:3   | Killed a boulder beetle
 16916 | Lair:3   | Mangled by an ice beast

Illustrated notes

Levels and vault maps discovered:
D:1:      amcnicky_arrival_underground_garden, layout_basic,
          hellmonk_ecumenical_altar_crossroads, minmay_heptomino_h4
D:2:      layout_loops_corners
D:3:      layout_loops_cross, uniq_crazy_yiuf_cottage
D:4:      layout_basic, corexii_checkpoint_a, hex_large
D:5:      layout_basic, lemuel_old_faithful, uniq_edmund, uniq_eustachio
D:6:      layout_basic, minmay_temple_entry_grid, serial_shops, shop, shop,
          nicolae_shop_statue_plus, ebering_ghost_sewer_f,
          minmay_misc_feat_secret_circle
D:7:      layout_cave_pods, kennysheep_opposing_triangles
D:8:      layout_basic
D:9:      layout_basic, grunt_dithmenos_shadows, erik_lair_island,
          gammafunk_ghost_grave, kennysheep_boxes
D:10:     layout_cross, minmay_lindwurm_lava
Temple:   nicolae_temple_the_god_donut
Lair:1:   gammafunk_indiana_jones, layout_small_grid, uniq_harold
Lair:2:   layout_gridlike, minmay_snake_entry_guardpost_small, st_stairs_10
Lair:3:   layout_cave_pods, infiniplex_staircase_pool, serial_bayou_shore_b,
          uniq_fannar

Skill      XL: |  1  2  3  4  5  6  7  8  9 10 11 12 |
---------------+-------------------------------------+-----
Spellcasting   | 5 6 7 8 9 |  9.2
Invocations    | 1 2 3 4 5 6 7 8 |  8.4
Fighting       | 1 2 3 4 5 6 7 |  7.7
Short Blades   | 1 2 3 4 5 6 7 |  7.7
Long Blades    | 1 2 3 4 5 6 7 |  7.7
Axes           | 1 2 3 4 5 6 7 |  7.7
Maces & Flails | 1 2 3 4 5 6 7 |  7.7
Polearms       | 1 2 3 4 5 6 7 |  7.7
Staves         | 1 2 3 4 5 6 7 |  7.7
Slings         | 1 2 3 4 5 6 7 |  7.7
Bows           | 1 2 3 4 5 6 7 |  7.7
Crossbows      | 1 2 3 4 5 6 7 |  7.7
Throwing       | 1 2 3 4 5 6 7 |  7.7
Armour         | 1 2 3 4 5 6 7 |  7.7
Shields        | 1 2 3 4 5 6 7 |  7.7
Unarmed Combat | 1 2 3 4 5 6 7 |  7.7
Evocations     | 1 2 3 4 5 6 7 |  7.7
Conjurations   | 1 2 3 4 5 6 |  6.3
Hexes          | 1 2 3 4 5 6 |  6.3
Summonings     | 1 2 3 4 5 6 |  6.3
Necromancy     | 1 2 3 4 5 6 |  6.3
Translocations | 1 2 3 4 5 6 |  6.3
Transmutations | 1 2 3 4 5 6 |  6.3
Fire Magic     | 1 2 3 4 5 6 |  6.3
Air Magic      | 1 2 3 4 5 6 |  6.3
Earth Magic    | 1 2 3 4 5 6 |  6.3
Poison Magic   | 1 2 3 4 5 6 |  6.3
Dodging        | 5 6 7 8 9 |  9.0
Stealth        | 5 6 7 8 |  8.8
Ice Magic      | 8 9 |  9.6

Action                   |  1- 3 |  4- 6 |  7- 9 | 10-12 || total
-------------------------+-------+-------+-------+-------++-------
Melee: Dagger            |   109 |    40 |    57 |       ||   206
       Unarmed           |     2 |       |       |       ||     2
       Bite              |     5 |     1 |    26 |    24 ||    56
       Short sword       |       |       |    34 |       ||    34
       Flail             |       |       |   155 |   173 ||   328
       Rapier            |       |       |     5 |     7 ||    12
 Cast: Freeze            |    19 |    22 |    10 |    50 ||   101
       Frozen Ramparts   |       |    23 |    27 |    48 ||    98
       Ozocubu's Armour  |       |     2 |     4 |    15 ||    21
       Hailstorm         |       |       |    17 |    74 ||    91
       Airstrike         |       |       |       |    29 ||    29
       Lightning Bolt    |       |       |       |     3 ||     3
Invok: Channel Magic     |       |       |     1 |     8 ||     9
  Use: Scroll            |       |     2 |     2 |     7 ||    11
       Potion            |       |       |       |     6 ||     6
 Stab: Sleeping          |    17 |     1 |    10 |       ||    28
       Distracted        |       |     1 |     1 |       ||     2
Armor: Robe              |    15 |     8 |    60 |    12 ||    95
       Troll leather arm |       |       |       |   146 ||   146
Dodge: Dodged            |    87 |    26 |   138 |   266 ||   517
Block: Buckler           |       |    12 |    82 |   137 ||   231

Table legend: (Time is in decaauts)
 A = Elapsed time spent in this place.
 B = Non-inter-level travel time spent in this place.
 C = Inter-level travel time spent in this place.
 D = Time resting spent in this place.
 E = Time spent auto-exploring this place.
 F = Levels seen in this place.
 G = Mean time per level.
                   A        B        C        D        E       F      G
               +--------+--------+--------+--------+--------+-----+--------+
         Total |  16972 |  16338 |    634 |   1844 |  12014 |  14 | 1212.3 |
       Dungeon |  11968 |  11386 |    582 |    717 |   8966 |  10 | 1196.8 |
        Temple |     72 |     45 |     27 |      0 |     40 |   1 |   72.0 |
          Lair |   4931 |   4906 |     25 |   1127 |   3008 |   3 | 1643.7 |
               +--------+--------+--------+--------+--------+-----+--------+

Top non-repeatable levels by time:
  Lair:1: 1877 daAuts
     D:6: 1610 daAuts
     D:9: 1605 daAuts
  Lair:3: 1550 daAuts
     D:1: 1519 daAuts
  Lair:2: 1504 daAuts
     D:7: 1434 daAuts
     D:5: 1404 daAuts
     D:2: 1221 daAuts
     D:3: 1159 daAuts
     D:4: 978 daAuts
     D:8: 902 daAuts
    D:10: 132 daAuts
  Temple: 72 daAuts
